 Dungeon Sprint DCSS version 0.17-a0-1446-gc28613e (webtiles) character file.

15840 pulse the Fencer (level 12, -8/102 HPs)
             Began as a Formicid Fighter on June 28, 2015.
             Was the Champion of Qazlal.
             Killed from afar by a hellion (39 damage)
             ... with a burst of hellfire
             ... in the Dungeon (Sprint V: "Ziggurat Sprint").
             The game lasted 00:10:43 (999 turns).

pulse the Fencer (Formicid Fighter)                  Turns: 999, Time: 00:10:43

Health: -8/102     AC: 32    Str: 28    XL:     12   Next: 62%
Magic:  19/19      EV:  3    Int:  9    God:    Qazlal [******]
Gold:   0          SH: 41    Dex: 17    Spells: 0 memorised, 11 levels left

rFire  + . .     SeeInvis +     N - +14 plutonium sword {*Contam Stlth-}
rCold  . . .     Clarity  .     L - +15 Maxwell's patent armour {-Cast -Tele rElec MR+ rCorr}
rNeg   + . .     SustAt   .     M - +18 shield of the gong {rElec rN+ MR+ EV-5}
rPois  +         Gourm    .     (helmet unavailable)
rElec  +         Spirit   .     E - +1 cloak {rPois}
rCorr  +         Warding  .     (no gloves)
rMut   .         Stasis   +     (no boots)
MR     ++++.     NoCast   +     (no amulet)
Stlth  ..........               F - +6 ring of dexterity
                                J - ring "Udilei" {*Contam rF+ MR+ Str+4}

@: repel missiles, incredibly resistant to hostile enchantments, extremely
unstealthy
A: permanent stasis, dig shafts and tunnels, four strong arms, antennae 3, spit
poison 1
a: Dig, Spit Poison, Upheaval, Elemental Force, Disaster Area, Renounce Religion


You were in the Dungeon.
You worshipped Qazlal.
Qazlal was exalted by your worship.
You were full.

You visited 1 branch

Inventory:

Hand weapons
 a - a +0 long sword
 K - the cursed +14 obsidian axe {chop, +Fly Str+3 SInv *Curse}
   (You found it in the Dungeon)

   It inflicts extra damage upon your enemies.
   It affects your strength (+3).
   It lets you see invisible.
   It lets you fly.
   It may re-curse itself when equipped.
   It has a curse placed upon it.
 N - the +14 plutonium sword (weapon) {*Contam Stlth-}
   (You found it in the Dungeon)

   It causes magical contamination when unequipped.
   It makes you less stealthy.
Armour
 l - the +1 ratskin cloak {rPois rN+ Int-1 Dex-1}
   (You found it in the Dungeon)

   It affects your intelligence (-1).
   It affects your dexterity (-1).
   It protects you from poison.
   It protects you from negative energy.
 E - a +1 cloak of poison resistance (worn)
 L - the +15 Maxwell's patent armour (worn) {-Cast -Tele rElec MR+ rCorr}
   (You found it in the Dungeon)

   It insulates you from electricity.
   It affects your resistance to hostile enchantments.
   It prevents spellcasting.
   It prevents most forms of teleportation.
   It protects you from acid and corrosion.
 M - the +18 shield of the gong (worn) {rElec rN+ MR+ EV-5}
   (You found it in the Dungeon)

   It affects your evasion (-5).
   It insulates you from electricity.
   It protects you from negative energy.
   It affects your resistance to hostile enchantments.
Jewellery
 b - an uncursed ring of ice
 F - a +6 ring of dexterity (right hand)
 H - a +6 ring of intelligence
 J - the ring "Udilei" (left hand) {*Contam rF+ MR+ Str+4}
   (You found it in the Dungeon)

   [ring of strength]

   It affects your strength (+4).
   It protects you from fire.
   It affects your resistance to hostile enchantments.
   It causes magical contamination when unequipped.
Magical devices
 y - a wand of disintegration (7)
 B - a wand of fire (4)
 C - a wand of cold (5)
 D - a wand of draining (5)
Scrolls
 c - 4 scrolls of enchant weapon
 k - 4 scrolls of blinking
 o - 4 scrolls of amnesia
 p - 3 scrolls of recharging
 q - 7 scrolls of fog
 r - a scroll of holy word
 s - 5 scrolls of identify
 t - 5 scrolls of remove curse
 u - 2 scrolls of fear
 G - 4 scrolls of enchant armour
Potions
 d - 6 potions of might
 f - 10 potions of curing
 g - 12 potions of heal wounds
 h - 6 potions of haste
 i - 7 potions of magic
 j - 3 potions of berserk rage
 v - 3 potions of brilliance
 w - a potion of mutation {unknown}
 x - 4 potions of resistance
 A - 4 potions of agility
Miscellaneous
 z - a stone of tremors
Comestibles
 e - 5 bread rations
 m - 42 fruits
 n - 3 meat rations


   Skills:
 + Level 12.3 Fighting
 * Level 18.3 Long Blades
 + Level 11.0 Armour
 + Level 6.0 Stealth
 + Level 16.1 Shields
 * Level 9.7 Invocations
 + Level 2.2 Evocations


You had 11 spell levels left.
You didn't know any spells.

Dungeon Overview and Level Annotations

Branches:
Dungeon (1/1)

Altars:
Ashenzari
Cheibriados
Dithmenos
Elyvilon
Fedhas
Gozag
Kikubaaqudgha
Makhleb
Nemelex Xobeh
Okawaru
Qazlal
Ru
Sif Muna
Trog
Vehumet
Xom
Yredelemnul
Zin
The Shining One
Beogh
Jiyva
Lugonu


Innate Abilities, Weirdness & Mutations

You are under a permanent stasis effect.
You can dig through walls and to a lower floor.
Your four strong arms can wield two-handed weapons with a shield.
You have a pair of large antennae on your head (SInv).
You can spit weak poison.


Message History

HP restored.
Your surroundings seem different!
Welcome to arena 12.
A hellion, a necrophage, 2 zombies and a skeleton come into view.
The hellion gives a hideous shriek!
The hellion gestures at you.
The hellfire explodes!
The burst of hellfire engulfs you!
Found five items. 2 wights and 2 skeletons come into view.
A necrophage and a zombie come into view.
You block the bat skeleton's attack.
PTOANNNG!
The hellion gestures at you.
The hellfire explodes!
The burst of hellfire engulfs you!
The burst of hellfire engulfs the bat skeleton.
The bat skeleton is destroyed!
The hellion gestures at you.
The hellfire explodes!
The burst of hellfire engulfs you! The hellion gestures at you.
The hellfire explodes!
The burst of hellfire engulfs you!
You die...

▓..:=)[§..▓..=§:
▓..|"}))..▓..§§..)..▓...§=
▓.........▓.........▓..§..
▓.2.zZ....▓.........▓.....
▓.....n...▓......)..▓...††
▓...zn...Z▓....†.†..▓...†.
▓..▓...▓.Z▓.........▓.....
▓.▓...§Z▓.▓.▓....†▓.▓.....
▓....§§..@▓......†..▓▓▓▓▓▓
▓▓▓▓▓▓▓▓▓▓▓▓▓▓▓▓▓▓▓▓▓ {{ {
{ {{{ {


{{{{ {{ {{{{{{{{{{ {{{{{{{ {{{{{ {{{{{{{{{{ {{ {{{{{{{{ {{{{{{{{{{ { {{{{{{{ You
could see a hellion, 2 necrophages, a wight, a ball python zombie, a quokka
zombie and 2 adder skeletons.

Vanquished Creatures
  Gastronok (D)
  Erica (D)
  A deep elf knight (D)
  A deep elf summoner (D)
  An orc knight (D)
  2 ugly things (D)
  A black mamba (D)
  An elephant (shapeshifter) (D)
  4 toenail golems (D)
  A black mamba (shapeshifter) (D)
  4 spiny frogs (D)
  A komodo dragon (D)
  A deep elf priest (D)
  2 yaktaurs (D)
  A slime creature (shapeshifter) (D)
  3 merfolk (D)
  Grinder (D)
  A queen bee (shapeshifter) (D)
  Sigmund (D)
  2 yaks (D)
  A deep elf fighter (D)
  A steam dragon (D)
  A neqoxec (D)
  Edmund (D)
  A water moccasin (D)
  2 porcupines (D)
  3 swamp drakes (D)
  2 centaurs (D)
  A crocodile (D)
  2 giant frogs (D)
  4 earth elementals (D)
  Dowan (D)
  An iguana (D)
  An adder (D)
  A shadow imp (D)
  A white imp (D)
  An adder skeleton (D)
  A bat skeleton (D)
  A giant gecko zombie (D)
  A fungus (D)
59 creatures vanquished.

Vanquished Creatures (others)
  A deep elf knight (D)
  A water nymph (shapeshifter) (D)
  A golden eye (shapeshifter) (D)
  A spriggan (shapeshifter) (D)
  A neqoxec (D)
  A bat skeleton (D)
6 creatures vanquished.

Grand Total: 65 creatures vanquished

Notes
Turn   | Place    | Note
--------------------------------------------------------------
     0 | D        | pulse the Formicid Fighter began the quest for the Orb.
     0 | D        | Reached XP level 1. HP: 18/18 MP: 1/1
     3 | D        | Found an iron altar of Okawaru.
     3 | D        | Found a radiant altar of Vehumet.
     3 | D        | Found a shimmering altar of Xom.
     3 | D        | Found a burning altar of Makhleb.
     6 | D        | Found a deep blue altar of Sif Muna.
     8 | D        | Found a corrupted altar of Lugonu.
     8 | D        | Found a white marble altar of Elyvilon.
     8 | D        | Found a roughly hewn altar of Beogh.
     8 | D        | Found a sparkling altar of Nemelex Xobeh.
     8 | D        | Found a viscous altar of Jiyva.
     8 | D        | Found a bloodstained altar of Trog.
    65 | D        | Became a worshipper of Qazlal Stormbringer
   129 | D        | Entered arena 1.
   129 | D        | Noticed an orc knight
   129 | D        | Noticed a brown ugly thing
   136 | D        | Killed an orc knight
   136 | D        | Reached skill level 9 in Fighting
   136 | D        | Reached skill level 10 in Shields
   136 | D        | Reached XP level 2. HP: 22/34 MP: 2/2
   136 | D        | Reached XP level 3. HP: 25/39 MP: 3/3
   136 | D        | Reached XP level 4. HP: 29/46 MP: 4/4
   136 | D        | Reached XP level 5. HP: 32/52 MP: 5/5
   136 | D        | Reached XP level 6. HP: 35/58 MP: 6/6
   136 | D        | Reached XP level 7. HP: 38/64 MP: 7/7
   141 | D        | Killed a red ugly thing
   141 | D        | Reached skill level 10 in Fighting
   141 | D        | Reached skill level 5 in Long Blades
   141 | D        | Reached skill level 10 in Armour
   141 | D        | Reached skill level 12 in Shields
   141 | D        | Reached XP level 8. HP: 42/72 MP: 8/8
   282 | D        | Entered arena 2.
   282 | D        | Noticed a merfolk
   282 | D        | Noticed a merfolk
   282 | D        | Noticed a merfolk
   286 | D        | Killed a merfolk
   286 | D        | Acquired Qazlal's first power
   292 | D        | Killed a merfolk
   297 | D        | Killed a merfolk
   297 | D        | Reached skill level 10 in Long Blades
   297 | D        | Reached XP level 9. HP: 72/78 MP: 9/9
   308 | D        | Entered arena 3.
   308 | D        | Noticed a centaur
   308 | D        | Noticed a centaur
   308 | D        | Noticed a yaktaur
   308 | D        | Noticed a yaktaur
   311 | D        | Killed a centaur
   311 | D        | Acquired Qazlal's second power
   313 | D        | Killed a yaktaur
   316 | D        | Killed a yaktaur
   320 | D        | Killed a centaur
   337 | D        | Entered arena 4.
   337 | D        | Noticed a swamp drake
   337 | D        | Noticed a swamp drake
   337 | D        | Noticed a swamp drake
   337 | D        | Noticed a steam dragon
   341 | D        | Killed a swamp drake
   341 | D        | Acquired Qazlal's third power
   341 | D        | Reached skill level 13 in Long Blades
   343 | D        | Killed a swamp drake
   344 | D        | Killed a swamp drake
   351 | D        | Killed a steam dragon
   356 | D        | Got the ring of Wisk {+Blink rElec rPois rF+ Str-5}
   461 | D        | Entered arena 5.
   462 | D        | Acquired Qazlal's fourth power
   478 | D        | Entered arena 6.
   478 | D        | Noticed a deep elf summoner
   478 | D        | Noticed a deep elf fighter
   478 | D        | Noticed a deep elf knight
   478 | D        | Noticed a deep elf priest
   478 | D        | Noticed a deep elf knight
   484 | D        | Killed a deep elf knight
   484 | D        | Reached skill level 14 in Long Blades
   484 | D        | Reached skill level 1 in Invocations
   486 | D        | Killed a deep elf summoner
   486 | D        | Reached XP level 10. HP: 84/86 MP: 5/12
   488 | D        | Killed a deep elf fighter
   488 | D        | Acquired Qazlal's fifth power
   492 | D        | Killed a deep elf priest
   497 | D        | Killed a deep elf knight
   497 | D        | Reached skill level 15 in Long Blades
   497 | D        | Reached skill level 1 in Stealth
   506 | D        | Reached skill level 5 in Invocations
   506 | D        | Reached skill level 1 in Evocations
   506 | D        | Reached XP level 11. HP: 85/92 MP: 8/15
   543 | D        | Entered arena 7.
   543 | D        | Noticed a yak
   543 | D        | Noticed a porcupine
   543 | D        | Noticed a komodo dragon
   543 | D        | Noticed a yak
   543 | D        | Noticed a giant frog
   543 | D        | Noticed a spiny frog
   546 | D        | a yak changed into a black mamba
   549 | D        | Killed a komodo dragon
   551 | D        | Killed a yak
   551 | D        | Killed a spiny frog
   551 | D        | Reached skill level 16 in Long Blades
   552 | D        | Killed a porcupine
   553 | D        | Killed a giant frog
   682 | D        | Entered arena 8.
   682 | D        | Noticed Sigmund
   682 | D        | Noticed Jessica
   682 | D        | Noticed Dowan
   682 | D        | Noticed Edmund
   682 | D        | Noticed Erica
   682 | D        | Noticed Gastronok
   682 | D        | Noticed Grinder
   691 | D        | Killed Edmund
   697 | D        | Killed Gastronok
   698 | D        | Killed Sigmund
   698 | D        | Reached skill level 17 in Long Blades
   698 | D        | Reached XP level 12. HP: 87/100 MP: 15/17
   700 | D        | Killed Erica
   701 | D        | Noticed Jessica
   701 | D        | Jessica changed into Jessica the adder
   701 | D        | Killed Jessica the adder
   703 | D        | Killed Grinder
   703 | D        | Reached skill level 5 in Stealth
   705 | D        | Killed Dowan
   750 | D        | Entered arena 9.
   750 | D        | Noticed a toenail golem
   750 | D        | Noticed an earth elemental
   750 | D        | Noticed an earth elemental
   750 | D        | Noticed a toenail golem
   750 | D        | Noticed a toenail golem
   750 | D        | Noticed a toenail golem
   750 | D        | Noticed an earth elemental
   750 | D        | Noticed an earth elemental
   760 | D        | Killed a toenail golem
   760 | D        | Reached skill level 15 in Shields
   765 | D        | Killed a toenail golem
   769 | D        | Killed a toenail golem
   772 | D        | Killed a toenail golem
   774 | D        | Killed an earth elemental
   776 | D        | Killed an earth elemental
   778 | D        | Killed an earth elemental
   780 | D        | Killed an earth elemental
   805 | D        | Entered arena 10.
   805 | D        | Noticed a porcupine
   805 | D        | Noticed a yak
   805 | D        | Noticed an iguana
   805 | D        | Noticed a spiny frog
   805 | D        | Noticed a spiny frog
   805 | D        | Noticed a water moccasin
   805 | D        | Noticed a giant frog
   805 | D        | Noticed a spiny frog
   805 | D        | Noticed a crocodile
   808 | D        | Killed a water moccasin
   809 | D        | Killed a spiny frog
   812 | D        | Killed a yak
   812 | D        | Killed a crocodile
   815 | D        | Killed a spiny frog
   815 | D        | Reached skill level 18 in Long Blades
   815 | D        | Killed a giant frog
   816 | D        | Killed a porcupine
   818 | D        | Killed a spiny frog
   821 | D        | Killed an iguana
   829 | D        | Got the ring "Udilei" {*Contam rF+ MR+ Str+4}
   850 | D        | Entered arena 11.
   850 | D        | Noticed a polar bear
   850 | D        | Noticed a neqoxec
   850 | D        | Noticed a water nymph
   850 | D        | Noticed a spriggan
   850 | D        | Noticed a ghost crab
   851 | D        | Noticed a slime creature
   851 | D        | Noticed a redback
   851 | D        | Noticed a green ugly thing
   851 | D        | Noticed a neqoxec
   851 | D        | Noticed a ghost crab
   852 | D        | a redback changed into an eye of devastation
   852 | D        | Gained mutation: You can spit weak poison. [a neqoxec]
   853 | D        | a ghost crab changed into a black mamba
   854 | D        | Killed a neqoxec
   854 | D        | Killed a spriggan
   856 | D        | a polar bear changed into a golden eye
   856 | D        | Killed a water nymph
   858 | D        | Killed a neqoxec
   861 | D        | Killed a slime creature
   861 | D        | a ghost crab changed into a manticore
   866 | D        | Killed a green ugly thing
   953 | D        | Got the ring "Asotaol" {MR+ Str+2}
   960 | D        | Got the ring of Fun {rPois SInv}
   995 | D        | Entered arena 12.
   995 | D        | Noticed a hellion
   995 | D        | Noticed a necrophage
   996 | D        | Noticed a wight
   996 | D        | Noticed a wight
   997 | D        | Noticed a necrophage
   999 | D        | Killed from afar by a hellion

Vault maps used:
D:        sprint_v

Action                   |  1- 3 |  4- 6 |  7- 9 | 10-12 || total
-------------------------+-------+-------+-------+-------++-------
Melee: Triple sword      |     4 |       |    45 |    89 ||   138
Invok: Upheaval          |       |       |     1 |       ||     1
       Disaster Area     |       |       |       |     1 ||     1
Evoke: Wand              |       |       |       |     1 ||     1
  Use: Potion            |     1 |       |     1 |     3 ||     5
 Stab: Invisible         |       |       |     1 |     5 ||     6
  Eat: Meat ration       |       |       |       |     1 ||     1
